 Dungeon Crawl Stone Soup version 0.30-a0-964-gd452b5e7fa (webtiles) character file.

Game seed: 17317348482636561260

35 123456 the Digger (level 3, -2/19 HPs)
             Began as a Gargoyle Earth Elementalist on Mar 30, 2023.
             Killed from afar by Terence (7 damage)
             ... with a puff of flame
             ... on level 2 of the Dungeon.
             The game lasted 00:00:55 (1205 turns).

123456 the Digger (Gargoyle Earth Elementalist)     Turns: 1205, Time: 00:00:56

Health: -2/19      AC:  5    Str: 11    XL:     3   Next: 33%
Magic:  1/6        EV: 12    Int: 17    God:
Gold:   110        SH:  0    Dex: 10    Spells: 3/7 levels left

rFire   . . .      SeeInvis .    h - +1 dagger (venom)
rCold   . . .      Faith    .    (no shield)
rNeg    + + .      Spirit   .    a - +0 robe
rPois   ∞          Reflect  .    (no helmet)
rElec   +          Rampage  .    (no cloak)
rCorr   .                        (no gloves)
Will    .....                    (no boots)
Stlth   ++                       (no amulet)
HPRegen 0.23/turn                i - ring of positive energy
MPRegen 0.10/turn                (no ring)

@: very slightly contaminated
A: sickness immunity, AC +3, negative energy resistance 1, electricity
resistance, torment resistance 1, petrification resistance
a: no special abilities


You were on level 2 of the Dungeon.
You visited 1 branch of the dungeon, and saw 2 of its levels.

You collected 110 gold pieces.

Inventory:

Hand Weapons
 h - a +1 dagger of venom (weapon)
Armour
 a - a +0 robe (worn)
Jewellery
 i - a ring of positive energy (left hand)
Scrolls
 c - a scroll of noise {unknown}
 d - a scroll of vulnerability {unknown}
 e - 2 scrolls of identify {unknown}
 g - 2 scrolls of blinking {unknown}
Potions
 b - a potion of magic
 f - a potion of heal wounds {unknown}
 j - 2 potions of attraction {unknown}


   Skills:
 + Level 1.9 Dodging
 + Level 2.6 Stealth
 * Level 2.5 Spellcasting
 + Level 0.0 Conjurations
 - Level 0.7 Transmutations
 * Level 4.2 Earth Magic


You had 3 spell levels left.
You knew the following spells:

 Your Spells              Type           Power      Damage    Failure   Level
a - Sandblast             Erth           32%        2d9       3%          1
b - Stone Arrow           Conj/Erth      18%        3d8       22%         3

Your spell library contained the following spells:

 Spells                   Type           Power      Damage    Failure   Level
 Passwall                 Tmut/Erth      8%         N/A       10%         2
 Petrify                  Tmut/Erth      10%        N/A       54%         4


Dungeon Overview and Level Annotations

Branches:
Dungeon (2/15)

Altars:

Annotations:
D:2 Terence


Innate Abilities, Weirdness & Mutations

You are immune to sickness and miasma.
Your stone body is resilient. (AC +3)
You are immune to poison.
You resist negative energy. (rN+)
You are resistant to electric shocks. (rElec)
You are resistant to unholy torment.
You are immune to petrification.


Message History

You can't see any susceptible monsters within range! (Use Z to cast anyway.)
Found a stone staircase leading down.
Found a robe.
e - 2 scrolls labelled HACOAL CADUFF (gained 1)
Found a stone staircase leading up.
No target in view!
You can't see any susceptible monsters within range! (Use Z to cast anyway.)
You can't see any susceptible monsters within range! (Use Z to cast anyway.)
You see here a +0 robe.
Terence the Incautious comes into view.
He is wielding a +0 hand axe and carrying a wand of flame (17).
Terence is nearby!
Terence is nearby!
A frilled lizard comes into view.
Terence shouts!
The blast of sand hits Terence.
Terence is lightly wounded.
The frilled lizard hisses angrily.
Found 11 gold pieces.
Terence zaps a wand.
The puff of flame hits you.
The blast of sand hits Terence but does no damage.
Terence is lightly wounded.
Terence says, "Rest in peace."
Terence misses you.
Terence says, "Don't bother to defend, it's pointless."
Terence hits you with a +0 hand axe!
* * * LOW HITPOINT WARNING * * *
The frilled lizard hisses.
The frilled lizard closely misses you.
Casting: Sandblast (safe; 3% risk of failure)
Confirm with . or Enter, or press ? or * to list all spells.
The spell is astonishingly dangerous to miscast (22% risk of failure)!
Continue anyway?
Uppercase [Y]es or [N]o only, please.
The spell is astonishingly dangerous to miscast (22% risk of failure)!
Continue anyway?
Aiming: Stone Arrow (astonishingly dangerous; 22% risk of failure)
Press: ? - help, Shift-Dir - straight line, f/p - Terence
Aim: Terence, wielding a +0 hand axe, wearing a +0 chain mail and carrying a wand of flame (16) (lightly wounded, 74% to hit)
You miscast Stone Arrow.
You are very lightly contaminated with residual magic.
Nothing appears to happen.
The frilled lizard barely misses you.
Terence zaps a wand.
The puff of flame hits you!
You die...

##.# #.# #.
##..#######.# #.
##.......... #.
#....>###### ####$
##...## ..$.. ##..#
#.###..####..#
#.........#..#
#.....@@..#.[########
#.....l.............#
#.........#^.######.#
#.....<...#..#
#.........#..#
.............#
#........#+#..
#........+ +.##
...... #.#


You could see Terence and a frilled lizard.

Vanquished Creatures
  A dart slug (D:2)
  7 bats (D:1)
  2 endoplasms (D:1)
  4 giant cockroaches (D:1)
  3 goblins (D:1)
  2 hobgoblins
  3 jackals (D:1)
  2 quokkas (D:1)
  A ball python (D:1)
  A kobold (D:1)
26 creatures vanquished.

Notes
Turn   | Place    | Note
-------+----------+-------------------------------------------
     0 | D:1      | 123456 the Gargoyle Earth Elementalist began the quest for
                  | the Orb.
     0 | D:1      | Reached XP level 1. HP: 10/10 MP: 3/3
   220 | D:1      | Reached XP level 2. HP: 15/15 MP: 3/5
   418 | D:1      | Reached skill level 4 in Earth Magic
   675 | D:1      | Reached XP level 3. HP: 18/19 MP: 4/6
   679 | D:1      | Learned a level 3 spell: Stone Arrow
  1199 | D:2      | Noticed Terence
  1205 | D:2      | Killed from afar by Terence

Illustrated notes

Levels and vault maps discovered:
D:1:      wheals_arrival_linesprint, layout_basic
D:2:      layout_loops_ring, basic_altar, serial_shops, nicolae_square_shop,
          nicolae_shop_behind_doors, shop, minmay_tree_intersection, uniq_robin,
          uniq_jessica, uniq_terence

Skill      XL: |  1  2 |
---------------+-------+-----
Earth Magic    | 4 |  4.2
Dodging        | |  1.9
Stealth        | |  2.6
Spellcasting   | |  2.5
Transmutations | |  0.7

Action                     || total
---------------------------++-------
  Melee: Dagger            ||     6
   Cast: Sandblast         ||    34
 Armour: Robe              ||    11
  Dodge: Dodged            ||    20

Table legend: (Time is in decaauts)
 A = Elapsed time spent in this place.
 B = Non-inter-level travel time spent in this place.
 C = Inter-level travel time spent in this place.
 D = Time resting spent in this place.
 E = Time spent auto-exploring this place.
 F = Levels seen in this place.
 G = Mean time per level.
                   A        B        C        D        E       F      G
               +--------+--------+--------+--------+--------+-----+--------+
         Total |   1220 |   1153 |     67 |      0 |    998 |   2 |  610.0 |
       Dungeon |   1220 |   1153 |     67 |      0 |    998 |   2 |  610.0 |
               +--------+--------+--------+--------+--------+-----+--------+

Top non-repeatable levels by time:
     D:1: 1132 daAuts
     D:2: 87 daAuts
